 Dungeon Crawl Stone Soup version 0.17.0-28-g6e173f8 (webtiles) character file.

6512 Shizoidos the Spear-Bearer (level 10, -5/91 HPs)
             Began as a Minotaur Fighter on Nov 24, 2015.
             Hit by a javelin thrown by Urug (21 damage)
             ... on level 10 of the Dungeon.
             The game lasted 00:43:15 (9068 turns).

Shizoidos the Spear-Bearer (Minotaur Fighter)       Turns: 9068, Time: 00:43:15

Health: -5/91      AC: 14    Str: 33    XL:     10   Next: 69%
Magic:  9/9        EV: 10    Int:  5    God:
Gold:   172        SH:  0    Dex:  9    Spells: 0 memorised, 9 levels left

rFire  . . .     SeeInvis .     C - +3 glaive (venom)
rCold  . . .     Clarity  .     e - +0 plate armour
rNeg   . . .     SustAt   .     (shield currently unavailable)
rPois  .         Gourm    +     (helmet restricted)
rElec  .         Spirit   .     (no cloak)
rCorr  .         Warding  .     (no gloves)
rMut   .         Stasis   .     (no boots)
MR     +....                    o - amulet of the gourmand
Stlth  ..........               q - ring of protection from magic
                                A - +3 ring of strength

@: mighty, somewhat resistant to hostile enchantments, extremely unstealthy
A: retaliatory headbutt, horns 2
a: no special abilities


You were on level 10 of the Dungeon.
You were very hungry.

You visited 1 branch of the dungeon, and saw 10 of its levels.

You collected 423 gold pieces.
You spent 251 gold pieces at shops.

Inventory:

Hand Weapons
 a - a +0 trident
 C - a +3 glaive of venom (weapon)
 O - a cursed +2 great sword
Armour
 b - a +1 scale mail
 c - a +0 shield
 e - a +0 plate armour (worn)
 i - a +0 large shield
Jewellery
 o - an amulet of the gourmand (around neck)
 q - a ring of protection from magic (right hand)
 z - an uncursed amulet of inaccuracy
 A - a +3 ring of strength (left hand)
 R - a +1 ring of evasion
Wands
 h - a wand of digging (17)
 l - a wand of polymorph (11)
 s - a wand of slowing (6)
Scrolls
 d - 3 scrolls of fear
 f - 10 scrolls of identify
 p - 8 scrolls of teleportation
 y - 2 scrolls of recharging
 D - 2 scrolls of magic mapping
 F - 3 scrolls of blinking
 L - a scroll of amnesia
 Q - a scroll of fog
Potions
 j - 4 potions of curing
 k - a potion of berserk rage
 n - a potion of flight
 r - 2 potions of haste
 v - 3 potions of cure mutation
 w - a potion of ambrosia
 G - a potion of resistance
 J - 2 potions of experience {unknown}
 N - 2 potions of brilliance
Books
 E - a book of Hinderance

   Spells                             Type                      Level
   a - Confusing Touch                Hexes                        2
   b - Confuse                        Hexes                        3
   c - Gell's Gravitas                Hexes/Translocation          3
   d - Petrify                        Transmutation/Earth          4
   e - Metabolic Englaciation         Hexes/Ice                    5
 I - a book of Air

   Spells                             Type                      Level
   a - Shock                          Conjuration/Air              1
   b - Swiftness                      Charms/Air                   2
   c - Repel Missiles                 Charms/Air                   2
   d - Static Discharge               Conjuration/Air              3
   e - Lightning Bolt                 Conjuration/Air              5
 K - a book of Ice

   Spells                             Type                      Level
   a - Ice Form                       Ice/Transmutation            4
   b - Metabolic Englaciation         Hexes/Ice                    5
   c - Ozocubu's Refrigeration        Ice                          6
   d - Bolt of Cold                   Conjuration/Ice              6
   e - Freezing Cloud                 Conjuration/Ice/Air          6
   f - Simulacrum                     Ice/Necromancy               6
 M - a book of Annihilations

   Spells                             Type                      Level
   a - Poison Arrow                   Conjuration/Poison           6
   b - Chain Lightning                Conjuration/Air              8
   c - Lehudib's Crystal Spear        Conjuration/Earth            8
   d - Glaciate                       Conjuration/Ice              9
   e - Fire Storm                     Conjuration/Fire             9
 P - a book of Clouds

   Spells                             Type                      Level
   a - Mephitic Cloud                 Conjuration/Poison/Air       3
   b - Conjure Flame                  Conjuration/Fire             3
   c - Poisonous Cloud                Conjuration/Poison/Air       6
   d - Freezing Cloud                 Conjuration/Ice/Air          6
   e - Ring of Flames                 Charms/Fire                  7
Comestibles
 g - 13 fruits
 m - a meat ration
 t - 4 slices of pizza
 u - 2 beef jerkies
 x - a royal jelly
 B - 11 bread rations


   Skills:
 + Level 9.0 Fighting
 + Level 10.8 Polearms
 + Level 10.6 Armour
 + Level 4.3 Dodging
 + Level 1.2 Stealth
 + Level 9.3 Shields


You had 9 spell levels left.
You didn't know any spells.

Dungeon Overview and Level Annotations

Branches:
Dungeon (10/15)            Temple (0/1) D:7            Lair (0/8) D:10
    Orc: D:9-12

Altars:
Ashenzari
Cheibriados
Dithmenos
Elyvilon
Fedhas
Kikubaaqudgha
Makhleb
Nemelex Xobeh
Ru
Xom
Yredelemnul
Zin
The Shining One

Shops:
D:8 ==   D:9 *([[

Annotations:
D:10 Urug


Innate Abilities, Weirdness & Mutations

You reflexively headbutt those who attack you in melee.
You have a pair of horns on your head.


Message History

The orc warrior hits you from afar with a glaive!
* * * LOW HITPOINT WARNING * * *
You slash the orc!
You kill the orc!
You are too injured to fight recklessly!
Read which item? (? for menu, Esc to quit)
You can't read that!
Eat which item? (? for menu, Esc to quit)
Okay, then.
Read which item? (? for menu, Esc to quit)
Identify which item? (\ to view known items) (? for menu, Esc to quit)
Okay, then.
Read which item? (? for menu, Esc to quit)
As you read the scroll of teleportation, it crumbles to dust.
You feel strangely unstable.
Your surroundings suddenly seem different.
Urug the Orcish Ballista comes into view.
He is wielding a great mace.
Urug shouts!
You hear a shout!
Urug throws a javelin.
The javelin hits you!!
You die...

#### .... ##..#
##....# #....o.##
...../.@# #
J....o...## .#
...........####..#
#......###.oo...#
##....######)#
##$(# #.o.o.# #.#
##.#####
..###(.#######
#..........#


You could see Urug, a jelly and 3 orcs.

Vanquished Creatures
  Erolcha (D:9)
  Pikel (D:7)
  An ugly thing (D:6)
  Joseph (D:9)
  Psyche (D:9)
  A two-headed ogre (D:8)
  Prince Ribbit (D:9)
  2 wyverns (D:9)
  2 deep elf magi
  A hungry ghost (D:8)
  Grum (D:8)
  2 wolves (D:8)
  A hippogriff (D:8)
  An orc warrior (D:10)
  2 sky beasts
  2 black bears (D:8)
  A necrophage (D:4)
  4 slaves (D:7)
  5 ogres
  A big kobold (D:8)
  3 giant frogs
  4 scorpions
  A wyvern skeleton (D:9)
  5 wights (D:8)
  A giant frog zombie (D:10)
  4 crimson imps
  A centaur skeleton (D:4)
  3 hounds
  5 iguanas
  A giant frog skeleton (D:10)
  Ijyb (D:2)
  2 orc wizards
  Natasha (D:2)
  8 worker ants
  A worker ant zombie (D:10)
  7 gnolls
  5 adders
  2 shadow imps
  3 oozes
  An adder zombie (D:4)
  3 adder skeletons
  2 worms (D:5)
  3 giant geckos
  15 orcs
  8 bats
  A bat zombie (D:8)
  6 giant cockroaches
  6 hobgoblins
  8 jackals (D:4)
  3 quokkas
  2 ball pythons
  3 giant newts
  11 goblins
  9 kobolds
  A quokka zombie (D:8)
  8 rats
  A rat zombie (D:8)
181 creatures vanquished.

Vanquished Creatures (others)
  5 sheep (D:6)
5 creatures vanquished.

Grand Total: 186 creatures vanquished

Notes
Turn   | Place    | Note
--------------------------------------------------------------
     0 | D:1      | Shizoidos the Minotaur Fighter began the quest for the Orb.
     0 | D:1      | Reached XP level 1. HP: 19/19 MP: 0/0
    95 | D:1      | Reached XP level 2. HP: 25/27 MP: 1/1
   183 | D:1      | Reached skill level 4 in Fighting
   215 | D:1      | Found a sparkling altar of Nemelex Xobeh.
   555 | D:2      | Noticed Ijyb
   569 | D:2      | Killed Ijyb
   569 | D:2      | Reached XP level 3. HP: 22/33 MP: 2/2
   589 | D:2      | Found a basalt altar of Yredelemnul.
   647 | D:2      | Found a white marble altar of Elyvilon.
   848 | D:2      | Reached XP level 4. HP: 34/41 MP: 3/3
  1544 | D:3      | Noticed Natasha
  2050 | D:2      | Killed Natasha
  2050 | D:2      | Reached skill level 5 in Shields
  2062 | D:2      | Reached XP level 5. HP: 27/47 MP: 4/4
  2933 | D:3      | Reached skill level 1 in Dodging
  3306 | D:4      | Found a burning altar of Makhleb.
  3312 | D:4      | Found a glowing silver altar of Zin.
  3312 | D:4      | Noticed an angel
  3312 | D:4      | Noticed an Executioner
  3361 | D:4      | Found a shadowy altar of Dithmenos.
  3495 | D:4      | Reached skill level 5 in Armour
  3637 | D:4      | Noticed a necrophage
  3647 | D:4      | Killed a necrophage
  3647 | D:4      | Reached XP level 6. HP: 46/55 MP: 5/5
  3913 | D:4      | Found a snail-covered altar of Cheibriados.
  4038 | D:5      | Entered Level 5 of the Dungeon
  4531 | D:5      | Reached skill level 6 in Shields
  4617 | D:5      | You fall through a shaft for 3 floors!
  4626 | D:8      | Found Erevew's Jewellery Shoppe.
  4668 | D:8      | Found a glowing golden altar of the Shining One.
  4669 | D:8      | Noticed a two-headed ogre
  4691 | D:8      | Killed a two-headed ogre
  4691 | D:8      | Reached skill level 5 in Fighting
  4691 | D:8      | Reached XP level 7. HP: 35/61 MP: 6/6
  4749 | D:8      | Bought a +3 ring of strength for 251 gold pieces
  5097 | D:7      | Identified a scroll of acquirement
  5167 | D:7      | Noticed Pikel
  5191 | D:7      | Killed Pikel
  5191 | D:7      | Reached skill level 5 in Polearms
  5191 | D:7      | Reached skill level 7 in Shields
  5191 | D:7      | Reached XP level 8. HP: 59/69 MP: 7/7
  5261 | D:7      | Reached skill level 8 in Shields
  5352 | D:7      | Found a staircase to the Ecumenical Temple.
  6033 | D:6      | Found a shattered altar of Ashenzari.
  6363 | D:6      | Reached XP level 9. HP: 75/75 MP: 8/8
  6371 | D:6      | Found a shimmering altar of Xom.
  6436 | D:6      | Found a snail-covered altar of Cheibriados.
  6529 | D:6      | Reached skill level 9 in Shields
  6547 | D:6      | Noticed a purple ugly thing
  6557 | D:6      | Killed a purple ugly thing
  6743 | D:6      | Reached skill level 1 in Stealth
  6816 | D:6      | Found a blossoming altar of Fedhas.
  7638 | D:8      | Noticed a hippogriff
  7642 | D:8      | Killed a hippogriff
  7721 | D:8      | Found Catetuwo's Jewellery Shoppe.
  7815 | D:8      | Noticed a hungry ghost
  7823 | D:8      | Killed a hungry ghost
  7933 | D:8      | Noticed a wolf
  7933 | D:8      | Noticed a wolf
  7935 | D:8      | Noticed Grum
  7937 | D:8      | Killed a wolf
  7944 | D:8      | Killed a wolf
  7949 | D:8      | Killed Grum
  7989 | D:8      | Reached XP level 10. HP: 56/86 MP: 9/9
  8108 | D:8      | Found an ancient bone altar of Kikubaaqudgha.
  8247 | D:9      | Noticed Erolcha
  8252 | D:9      | Killed Erolcha
  8252 | D:9      | Reached skill level 10 in Armour
  8294 | D:9      | Noticed Psyche
  8295 | D:9      | Found Lojishrun's Antique Weapon Shop.
  8303 | D:9      | Killed Psyche
  8358 | D:9      | Found Rangan's General Store.
  8376 | D:9      | Found Wuinung's Armour Shoppe.
  8382 | D:9      | Found Xaifaam's Antique Armour Shoppe.
  8507 | D:9      | Noticed Joseph
  8520 | D:9      | Killed Joseph
  8520 | D:9      | Reached skill level 10 in Polearms
  8525 | D:9      | Noticed Prince Ribbit
  8530 | D:9      | Killed Prince Ribbit
  8849 | D:9      | Found a sacrificial altar of Ru.
  9019 | D:10     | Entered Level 10 of the Dungeon
  9032 | D:10     | Found a staircase to the Lair.
  9068 | D:10     | Noticed Urug
  9068 | D:10     | Hit by a javelin thrown by Urug

Action                   |  1- 3 |  4- 6 |  7- 9 | 10-12 || total
-------------------------+-------+-------+-------+-------++-------
Melee: Trident           |    70 |   111 |    99 |       ||   280
       Unarmed           |       |     2 |       |       ||     2
       Glaive            |       |       |   140 |    94 ||   234
Evoke: Wand              |       |       |     1 |       ||     1
  Use: Potion            |       |    10 |     2 |     1 ||    13
       Scroll            |       |    11 |     9 |     5 ||    25
 Stab: Fleeing           |       |       |     1 |       ||     1
  Eat: Bread ration      |       |     2 |       |       ||     2
       Fruit             |       |     1 |       |       ||     1
       Beef jerky        |       |     1 |       |       ||     1
       Meat ration       |       |       |     3 |       ||     3
       Chunk             |       |       |     5 |       ||     5
